 Dungeon Crawl Stone Soup version 0.23.2-1-ga50397a (webtiles) character file.

Game seed: 3153529715067532859

6849 MalarOregon the Spear-Bearer (level 11, 0/77 (78) HPs)
             Began as a Merfolk Gladiator on May 13, 2019.
             Was a Follower of Hepliaklqana.
             Slain by an orc warrior
             ... wielding a +0 hand axe
              (11 damage)
             ... on level 9 of the Dungeon.
             The game lasted 00:19:32 (11768 turns).

MalarOregon the Spear-Bearer (Merfolk Gladiator)   Turns: 11768, Time: 00:19:33

HP:   0/77 (78)     AC:  6    Str: 16    XL:     11   Next: 6%
MP:   15/15         EV: 18    Int: 10    God:    Hepliaklqana [*.....]
Gold: 446           SH:  0    Dex: 15    Spells: 8/16 levels left

rFire    . . .     SeeInvis .   a - +1 trident
rCold    . . .     Gourm    .   (no shield)
rNeg     . . .     Faith    .   b - +0 leather armour
rPois    .         Spirit   .   c - +1 helmet
rElec    .         Reflect  .   (no cloak)
rCorr    +         Harm     .   r - +0 pair of gloves
MR       .....                  (no boots)
Stlth    +.........             (no amulet)
HPRegen  0.22/turn              f - ring of resist corrosion
MPRegen  0.14/turn              q - ring of wizardry

@: no status effects
A: change form in water, swift swim, stealthy swim, reduced essence
a: Recall Ancestor, Ancestor Identity, Renounce Religion


You were on level 9 of the Dungeon.
You worshipped Hepliaklqana.
Hepliaklqana was aware of your devotion.
You were hungry.

You visited 1 branch of the dungeon, and saw 10 of its levels.
You also visited: Ossuary.

You collected 446 gold pieces.

Inventory:

Hand Weapons
 a - a +1 trident (weapon)
Missiles
 d - 5 throwing nets (quivered) {!f}
Armour
 b - a +0 leather armour (worn)
 c - a +1 helmet (worn)
 r - a +0 pair of gloves (worn)
   (You found it on level 3 of the Dungeon)
Jewellery
 f - a ring of resist corrosion (left hand)
   (You found it on level 1 of the Dungeon)
 q - a ring of wizardry (right hand)
   (You found it on level 3 of the Dungeon)
Wands
 u - a wand of paralysis (8)
   (You found it on level 9 of the Dungeon)
Scrolls
 h - 2 scrolls of immolation {!r}
 i - 3 scrolls of amnesia
 j - a scroll of remove curse {@r2}
 k - 2 scrolls of identify {@r1}
 l - a scroll of enchant weapon
 m - 3 scrolls of fear
 o - a scroll of teleportation {@r4}
 y - a scroll of acquirement {unknown}
 B - a scroll of blinking
Potions
 g - a potion of brilliance
 n - a potion of flight
 p - 2 potions of berserk rage
 s - a potion of curing {@q1}
 t - 2 potions of agility
 v - a potion of mutation {!q}
 w - 4 potions of heal wounds {@q2}
 x - a potion of cancellation
 z - 2 potions of invisibility
 A - 5 potions of lignification {!q}
 C - 3 potions of might
 D - a potion of magic
 E - 5 potions of haste {@q3}
Comestibles
 e - 14 rations {!d}
 F - 4 chunks of flesh


   Skills:
 + Level 8.8 Fighting
 - Level 14.0 Polearms
 - Level 2.0 Throwing
 - Level 10.0 Dodging
 - Level 3.1 Spellcasting
 - Level 2.0 Conjurations
 + Level 3.8 Hexes
 - Level 2.0 Translocations
 - Level 2.0 Air Magic
 + Level 4.1 Poison Magic


You had 8 spell levels left.
You knew the following spells:

 Your Spells              Type           Power        Failure   Level  Hunger
b - Blink                 Tloc           N/A          9%          2    ###....
d - Tukima's Dance        Hex            #.......     9%          3    ###....
f - Mephitic Cloud        Conj/Pois/Air  #.......     13%         3    ###....

Your spell library contained the following spells:

 Spells                   Type           Power        Failure   Level  Hunger
 Corona                   Hex            #......      2%          1    #......
 Slow                     Hex            #.......     4%          2    ###....
 Magic Dart               Conj           #...         6%          1    #......
 Confuse                  Hex            #.......     9%          3    ###....
 Ensorcelled Hibernation  Hex/Ice        #.....       10%         2    ###....
 Dazzling Spray           Conj/Hex       #.....       12%         3    ###....
 Call Imp                 Summ           #.......     21%         2    ###....
 Conjure Flame            Conj/Fire      #.......     26%         3    ###....
 Venom Bolt               Conj/Pois      #.........   69%         5    ######.
 Iskenderun's Battlesphe  Conj/Chrm      #.......     91%         5    ######.
 Bolt of Magma            Conj/Fire/Erth #.........   94%         5    ######.
 Iron Shot                Conj/Erth      #.........   100%        6    #######
 Orb of Destruction       Conj           #.........   100%        7    #######
 Spellforged Servitor     Conj/Summ      #.........   100%        7    #######


Dungeon Overview and Level Annotations

Branches:
Dungeon (10/15)            Temple (0/1) D:6            Lair (0/6) D:8
    Orc (0/2) D:10

Altars:
Hepliaklqana
Nemelex Xobeh
Sif Muna
Vehumet
Yredelemnul
The Shining One

Shops:
D:7 [

Annotations:
D:4 2 transporters, Lucio's ghost, novice DrFi


Message History

You hear a shout!
There is a stone staircase leading up, spattered with blood here.
The orc hits you. The orc warrior closely misses you.
The orc warrior barely misses Namzu.
The troll completely misses you. The troll misses you. The troll claws you.
The big kobold closely misses you.
Namzu closely misses the orc warrior.
You climb upwards.
There is a stone staircase leading down here.
Unknown command.
Unknown command.
Unknown command.
Unknown command.
Unknown command.
As you open the door, it creaks loudly! The orc closely misses you.
The orc warrior misses you. The troll completely misses you.
The troll closely misses you. The troll misses you.
The big kobold closely misses you.
The big kobold hits you but does no damage.
There is an open door here.
You closely miss the orc. You puncture the orc!
You kill the orc!
You hit the orc warrior but do no damage.
Your leather armour prevents you from hitting the orc warrior.
The orc warrior hits you with a +0 hand axe.
You puncture the orc warrior!
You hit the orc warrior but do no damage.
The orc warrior hits you with a +0 hand axe!
* * * LOW HITPOINT WARNING * * *
You barely miss the orc warrior. You puncture the orc warrior!
The orc warrior barely misses you.
You hit the orc warrior.
The orc warrior hits you with a +0 hand axe.
* * * LOW HITPOINT WARNING * * *
You hit the orc warrior.
You hit the orc warrior but do no damage.
The orc warrior hits you with a +0 hand axe!
* * * LOW HITPOINT WARNING * * *
You hit the orc warrior. You hit the orc warrior.
The orc warrior barely misses you.
You hit the orc warrior but do no damage.
You barely miss the orc warrior.
The orc warrior hits you but does no damage.
You closely miss the orc warrior. You hit the orc warrior.
The orc warrior hits you with a +0 hand axe!
* * * LOW HITPOINT WARNING * * *
You are feeling hungry.
The orc warrior hits you with a +0 hand axe!
You die...

#........#..######R#.......#
#........#..#......#.......#
#........#..#......#.......#
#........#..#......#.......#
.........#..########.......#
.........'.................#
.........#.................#
##########.......#'###.....#
................@#.>.#.#####
................o#..รท#.#
.########.......T#...#K# .#
#........#...#.# .#
#.......K#..<#.# .#
#........#'###.#
.########...........K..#
..................)....#
##.......############.##


You could see a troll, an orc warrior and a big kobold.

Vanquished Creatures
  3 two-headed ogres
  Pikel (D:6)
  A komodo dragon (D:8)
  A troll (D:9)
  An orc warrior (D:7)
  A black bear (D:8)
  A phantom (D:8)
  2 sky beasts
  2 ice beasts
  4 ogres
  A necrophage (D:8)
  3 centaurs
  4 bullfrogs (D:8)
  5 scorpions
  6 killer bees
  2 bullfrog zombies
  8 crimson imps
  A jelly (D:8)
  A quasit (D:8)
  7 hounds
  3 orc priests
  2 orc wizards
  3 bullfrog skeletons
  Terence (D:2)
  7 worker ants
  A hound skeleton (D:5)
  13 mummies (Ossuary)
  A howler monkey zombie (D:9)
  A worker ant zombie (D:5)
  9 gnolls
  7 adders
  2 howler monkey skeletons
  A shadow imp (D:6)
  An adder zombie (D:6)
  2 adder skeletons
  3 worms
  A dart slug (D:1)
  3 leopard geckos
  18 orcs
  6 bats
  7 giant cockroaches
  5 hobgoblins
  14 jackals
  5 kobolds
  5 quokkas
  3 ball pythons
  4 frilled lizards
  A gnoll skeleton (Ossuary)
  14 goblins
  2 goblin skeletons (Ossuary)
  3 kobold skeletons (Ossuary)
  A leopard gecko skeleton (D:4)
  2 orc skeletons (Ossuary)
  A quokka skeleton (D:9)
  7 rats
  11 rat skeletons (Ossuary)
225 creatures vanquished.

Vanquished Creatures (collateral kills)
  A sky beast (D:8)
  2 necrophages
  An ogre (D:8)
  A centaur (D:9)
  A howler monkey (D:9)
  A hound (D:9)
  A bullfrog skeleton (D:8)
  A shadow imp (D:9)
  2 orcs
11 creatures vanquished.

Vanquished Creatures (others)
  5 ancestors
  2 gnoll zombies (D:6)
  5 plants (D:8)
12 creatures vanquished.

Grand Total: 248 creatures vanquished

Notes
Turn   | Place    | Note
-------+----------+-------------------------------------------
     0 | D:1      | MalarOregon the Merfolk Gladiator began the quest for the
                  | Orb.
     0 | D:1      | Reached XP level 1. HP: 16/16 MP: 1/1
   151 | D:1      | Reached XP level 2. HP: 19/23 MP: 2/2
   233 | D:1      | Reached skill level 5 in Polearms
   716 | D:1      | Reached XP level 3. HP: 28/28 MP: 3/3
   764 | D:2      | Noticed Terence
   954 | D:2      | Killed Terence
   954 | D:2      | Reached XP level 4. HP: 24/34 MP: 4/4
  1045 | D:2      | Reached skill level 6 in Polearms
  1345 | D:3      | Reached skill level 5 in Dodging
  1352 | D:3      | Reached XP level 5. HP: 14/41 MP: 5/5
  1987 | D:3      | Reached skill level 7 in Polearms
  2909 | D:4      | Found a transporter.
  2946 | D:4      | Reached XP level 6. HP: 38/48 MP: 6/6
  3135 | D:4      | Found a sparkling altar of Nemelex Xobeh.
  3306 | D:4      | Reached skill level 8 in Polearms
  3546 | D:4      | Found a transporter.
  3547 | D:4      | Noticed Lucio's ghost (novice DrFi)
  3793 | D:5      | Entered Level 5 of the Dungeon
  3799 | D:5      | Reached XP level 7. HP: 52/55 MP: 7/7
  3889 | D:5      | Found a glowing golden altar of the Shining One.
  3909 | D:5      | HP: 1/55 [hound skeleton (4)]
  4358 | D:5      | Reached skill level 9 in Polearms
  4761 | D:5      | Reached skill level 5 in Fighting
  4889 | D:6      | Reached XP level 8. HP: 49/62 MP: 8/8
  4923 | D:6      | Reached skill level 10 in Polearms
  4959 | D:6      | Found a staircase to the Ecumenical Temple.
  4987 | D:6      | Found a sand-covered staircase.
  4998 | Ossuary  | Entered an ossuary
  5585 | D:6      | Noticed Pikel
  5603 | D:6      | Killed Pikel
  5603 | D:6      | Reached skill level 11 in Polearms
  5613 | D:6      | Found a basalt altar of Yredelemnul.
  5640 | D:6      | Got a coiled amber ring
  5717 | D:6      | Identified the ring of the Commoners {rF+ rN+ MR+ Str+4
                  | Slay-4} (You found it on level 6 of the Dungeon)
  5746 | D:7      | Reached XP level 9. HP: 52/71 MP: 9/9
  5799 | D:6      | HP: 3/71 [poisoned by a killer bee]
  5807 | D:6      | HP: 3/71 [poisoned by a killer bee]
  6167 | D:6      | Reached skill level 12 in Polearms
  6521 | D:7      | Noticed a two-headed ogre
  6981 | D:7      | HP: 2/71 [bullfrog zombie (7)]
  7683 | D:7      | Found Irobbig's Armour Shoppe.
  7721 | D:7      | Killed a two-headed ogre
  7721 | D:7      | Reached skill level 13 in Polearms
  8033 | D:8      | Learned a level 2 spell: Blink
  8037 | D:8      | Learned a level 3 spell: Mephitic Cloud
  8041 | D:8      | Learned a level 3 spell: Tukima's Dance
  8053 | D:8      | Noticed a two-headed ogre
  8239 | D:8      | Reached XP level 10. HP: 80/80 MP: 10/10
  8292 | D:8      | Found a hazy altar of Hepliaklqana.
  8292 | D:8      | Found a radiant altar of Vehumet.
  8412 | D:8      | Reached skill level 1 in Poison Magic
  8489 | D:8      | Became a worshipper of Hepliaklqana the Forgotten
  8554 | D:8      | Reached skill level 1 in Hexes
  8557 | D:8      | Reached skill level 1 in Translocations
  8585 | D:8      | Reached skill level 1 in Spellcasting
  8726 | D:8      | Reached skill level 1 in Conjurations
  9067 | D:8      | Reached skill level 1 in Air Magic
  9267 | D:8      | Found a staircase to the Lair.
  9357 | D:8      | Found a deep blue altar of Sif Muna.
  9409 | D:8      | Reached skill level 14 in Polearms
  9529 | D:8      | Reached skill level 10 in Dodging
  9641 | D:8      | Killed a two-headed ogre
 10851 | D:9      | Reached * piety under Hepliaklqana
 10961 | D:9      | Noticed a two-headed ogre
 10977 | D:9      | HP: 3/72 [two-headed ogre/+0 giant spiked club (25)]
 11019 | D:9      | Killed a two-headed ogre
 11019 | D:9      | Reached XP level 11. HP: 11/77 MP: 7/15
 11615 | D:10     | Entered Level 10 of the Dungeon
 11631 | D:10     | Found a staircase to the Orcish Mines.
 11768 | D:9      | Slain by an orc warrior

Skill      XL: |  1  2  3  4  5  6  7  8  9 10 11 |
---------------+----------------------------------+-----
Polearms       | 5 6 7 8 9 11 13 14 | 14.0
Fighting       | 3 4 5 6 7 8 |  8.8
Dodging        | 5 6 7 8 9 10 | 10.0
Poison Magic   | 3 4 |  4.1
Hexes          | 3 |  3.8
Translocations | 2 |  2.0
Spellcasting   | 3 |  3.1
Conjurations   | 2 |  2.0
Air Magic      | 2 |  2.0
Throwing       | |  2.0

Action                   |  1- 3 |  4- 6 |  7- 9 | 10-12 || total
-------------------------+-------+-------+-------+-------++-------
Melee: Trident           |   113 |   209 |   601 |   284 ||  1207
 Cast: Mephitic Cloud    |       |       |       |     5 ||     5
       Blink             |       |       |       |     2 ||     2
  Use: Potion            |     3 |       |     6 |       ||     9
       Scroll            |       |       |    23 |       ||    23
 Stab: Sleeping          |     1 |     4 |     2 |       ||     7
       Distracted        |       |     1 |       |     1 ||     2
       Confused          |       |       |       |     2 ||     2
  Eat: Chunk             |       |     5 |     9 |     8 ||    22
       Ration            |       |     1 |     2 |     1 ||     4
Armor: Leather armour    |    20 |    29 |    71 |    24 ||   144
Dodge: Dodged            |    82 |    99 |   316 |   132 ||   629
